 Dungeon Crawl Stone Soup version 0.30-a0-528-g8c47a4955b (webtiles) character file.

Game seed: 1551132428190766363

41 jfcaron the Digger (level 4, 0/33 HPs)
             Began as a Meteoran Earth Elementalist on Dec 24, 2022.
             Was an Initiate of Qazlal.
             Succumbed to Crazy Yiuf's poison
             ... on level 3 of the Dungeon.
             The game lasted 00:05:01 (334 turns).

jfcaron the Digger (Meteoran Earth Elementalist)     Turns: 334, Time: 00:05:02

Health: 0/33       AC:  3    Str:  9    XL:     4   Next: 1%
Magic:  4/9        EV: 13    Int: 19    God:    Qazlal [......]
Gold:   37         SH:  0    Dex: 14    Spells: 3/9 levels left

rFire   . . .      SeeInvis .    h - +2 hammer (protect)
rCold   . . .      Faith    .    (no shield)
rNeg    . . .      Spirit   .    a - +0 robe
rPois   .          Reflect  .    (no helmet)
rElec   .          Harm     .    (no cloak)
rCorr   .          Rampage  .    (no gloves)
Will    .....                    f - +0 pair of boots
Stlth   +                        (no amulet)
HPRegen 0.25/turn                (no ring)
MPRegen 0.11/turn                (no ring)

@: lethally poisoned (0 -> -32), glowing
A: sense surroundings 1, otherworldly, glowing, explore regen
a: Renounce Religion


You were on level 3 of the Dungeon.
You worshipped Qazlal.
Qazlal was noncommittal.
You visited 1 branch of the dungeon, and saw 3 of its levels.

You collected 37 gold pieces.

Inventory:

Hand Weapons
 d - a +0 dagger
 h - a +2 hammer of protection (weapon)
Missiles
 c - 2 stones
Armour
 a - a +0 robe (worn)
 f - a +0 pair of boots (worn)
Scrolls
 i - a scroll of teleportation
Potions
 b - a potion of magic
 e - a potion of mutation
 g - 2 potions of might


   Skills:
 - Level 3.0 Dodging
 - Level 1.4 Stealth
 - Level 3.0 Spellcasting
 + Level 2.3 Transmutations
 + Level 4.1 Earth Magic
 + Level 1.2 Invocations


You had 3 spell levels left.
You knew the following spells:

 Your Spells              Type           Power      Damage    Failure   Level
a - Sandblast             Erth           36%        2d10      2%          1
b - Passwall              Tmut/Erth      12%        N/A       6%          2
c - Stone Arrow           Conj/Erth      20%        3d8       19%         3

Your spell library contained the following spells:

 Spells                   Type           Power      Damage    Failure   Level
 Petrify                  Tmut/Erth      15%        N/A       36%         4


Dungeon Overview and Level Annotations

Branches:
Dungeon (3/15) Zot: 1453

Altars:
Qazlal


Innate Abilities, Weirdness & Mutations

You passively map a small area around you.
You are easily found by Zot.
You glow in the dark.
You regain HP and MP as you explore.


Message History

Press: ? - help, Shift-Dir - straight line, f - Crazy Yiuf
Aim: Crazy Yiuf, wielding a +2 quarterstaff of chaos and wearing a +0 cloak of willpower (84% to hit)
Okay, then.
Casting: Sandblast (safe; 2% risk of failure)
Confirm with . or Enter, or press ? or * to list all spells.
Aiming: Passwall (safe; 6% risk of failure)
Press: ? - help, Dir - move target, f - you Please select a wall.
Okay, then.
Casting: Passwall (safe; 6% risk of failure)
Confirm with . or Enter, or press ? or * to list all spells.
The spell is quite dangerous to miscast (19% risk of failure)!
Continue anyway?
Aiming: Stone Arrow (quite dangerous; 19% risk of failure)
Press: ? - help, Shift-Dir - straight line, f - Crazy Yiuf
Aim: Crazy Yiuf, wielding a +2 quarterstaff of chaos and wearing a +0 cloak of willpower (72% to hit)
The stone arrow hits Crazy Yiuf.
Crazy Yiuf is moderately wounded.
Crazy Yiuf hits you with a +2 quarterstaff of chaos!
You are poisoned.
Casting: Stone Arrow (quite dangerous; 19% risk of failure)
Confirm with . or Enter, or press ? or * to list all spells.
Aiming: Sandblast (safe; 2% risk of failure)
Press: ? - help, Shift-Dir - straight line, f/p - Crazy Yiuf
Aim: Crazy Yiuf, wielding a +2 quarterstaff of chaos and wearing a +0 cloak of willpower (moderately wounded, 84% to hit)
The blast of sand hits Crazy Yiuf.
Crazy Yiuf is heavily wounded.
You feel very sick.
Crazy Yiuf hits you with a +2 quarterstaff of chaos!
* * * LOW HITPOINT WARNING * * *
You are more poisoned.
Crazy Yiuf closely misses you.
Casting: Sandblast (safe; 2% risk of failure)
Confirm with . or Enter, or press ? or * to list all spells.
Aiming: Sandblast (safe; 2% risk of failure)
Press: ? - help, Shift-Dir - straight line, f/p - Crazy Yiuf
Aim: Crazy Yiuf, wielding a +2 quarterstaff of chaos and wearing a +0 cloak of willpower (heavily wounded, 84% to hit)
The blast of sand hits Crazy Yiuf!
You kill Crazy Yiuf!
Qazlal accepts your kill.
You die...

..........†...†##.########..#)#.#
....#...##.....'.................
###....###.....#########.#†......
*#>......####### ##........
..#......# #......#. #,####.#.#
#......#, ,,* #.#.# ###**
####......#, #.####.#.# #)..###
##.........#, .........#
#.).)@####..........#, .#####.#.#
#...##..#...........#, .........#
###**###.#).........#, .######..#
#######......#, ,,,,..#..#
#......#, ,***#.#..# ***
***#......#,
.####.#..#**+*********,**.....:+,
.........#*,,,,,,,,,,*,**,.....*,
.####.#.##*,,,,,,,,,,*,***+*****,


There were no monsters in sight!

Vanquished Creatures
  Crazy Yiuf (D:3)
  2 adders (D:3)
  A worm (D:2)
  A dart slug (D:1)
  3 ball pythons
  2 endoplasms (D:3)
  A giant cockroach (D:3)
  A goblin (D:3)
  2 hobgoblins (D:1)
  A bat (D:2)
  2 kobolds
  3 rats
20 creatures vanquished.

Notes
Turn   | Place    | Note
-------+----------+-------------------------------------------
     0 | D:1      | jfcaron the Meteoran Earth Elementalist began the quest for
                  | the Orb.
     0 | D:1      | Reached XP level 1. HP: 14/14 MP: 5/5
    51 | D:1      | Reached XP level 2. HP: 20/20 MP: 3/6
    54 | D:1      | Learned a level 2 spell: Passwall
   197 | D:3      | Found a stormy altar of Qazlal.
   203 | D:3      | Became a worshipper of Qazlal Stormbringer
   211 | D:3      | Reached XP level 3. HP: 26/26 MP: 6/8
   215 | D:3      | Learned a level 3 spell: Stone Arrow
   299 | D:3      | Reached skill level 4 in Earth Magic
   305 | D:3      | Reached skill level 1 in Invocations
   315 | D:3      | Reached XP level 4. HP: 28/33 MP: 5/9
   326 | D:3      | Found a runed translucent door.
   328 | D:3      | Noticed Crazy Yiuf
   334 | D:3      | Killed Crazy Yiuf
   334 | D:3      | Succumbed to Crazy Yiuf's poison

Illustrated notes

Levels and vault maps discovered:
D:1:      grunt_arrival_crossed_arrows, layout_basic, minmay_hexomino_f4
D:2:      layout_loops_ring, dreamdust_ecumenical_altar_statues,
          minmay_strange_pillars, hangedman_decor_riveting,
          minmay_gold_behind_fungi
D:3:      layout_basic, overflow_temple_1_default, serial_shops,
          nicolae_shop_hallway_plus, uniq_crazy_yiuf_cottage

Skill      XL: |  1  2  3 |
---------------+----------+-----
Spellcasting   | 3 |  3.0
Transmutations | 2 |  2.3
Dodging        | 3 |  3.0
Earth Magic    | 4 |  4.1
Invocations    | 1 |  1.2
Stealth        | |  1.4

Action                   |  1- 3 |  4- 6 || total
-------------------------+-------+-------++-------
 Cast: Sandblast         |    25 |     2 ||    27
       Stone Arrow       |     1 |     1 ||     2
  Use: Scroll            |     5 |       ||     5
Armor: Robe              |     3 |       ||     3
Dodge: Dodged            |     3 |     1 ||     4

Table legend: (Time is in decaauts)
 A = Elapsed time spent in this place.
 B = Non-inter-level travel time spent in this place.
 C = Inter-level travel time spent in this place.
 D = Time resting spent in this place.
 E = Time spent auto-exploring this place.
 F = Levels seen in this place.
 G = Mean time per level.
                   A        B        C        D        E       F      G
               +--------+--------+--------+--------+--------+-----+--------+
         Total |    346 |    346 |      0 |      0 |      0 |   3 |  115.3 |
       Dungeon |    346 |    346 |      0 |      0 |      0 |   3 |  115.3 |
               +--------+--------+--------+--------+--------+-----+--------+

Top non-repeatable levels by time:
     D:3: 142 daAuts
     D:1: 111 daAuts
     D:2: 92 daAuts
